 Dungeon Crawl Stone Soup version 0.20.1-1-g8b1a95d (webtiles) character file.

180 Peloso the Shield-Bearer (level 5, -14/46 HPs)
             Began as a Draconian Fighter on Aug 22, 2017.
             Was an Initiate of Okawaru.
             Killed by divine providence
             ... invoked by an orc priest
              (15 damage)
             ... on level 3 of the Dungeon.
             The game lasted 00:04:55 (2338 turns).

Peloso the Shield-Bearer (Draconian Fighter)        Turns: 2338, Time: 00:04:56

Health: -14/46     AC:  6    Str: 19    XL:     5   Next: 33%
Magic:  14/14      EV: 11    Int:  8    God:    Okawaru [......]
Gold:   186        SH:  9    Dex: 11    Spells: 4/4 levels left

rFire    . . .     SeeInvis .   a - +0 long sword
rCold    . . .     Gourm    .   b - +0 shield
rNeg     . . .     Faith    .   (armour unavailable)
rPois    .         Spirit   .   (helmet restricted)
rElec    .         Reflect  .   (no cloak)
rCorr    .         Harm     .   i - +0 pair of gloves
MR       .....                  (no boots)
Stlth    +.........             (no amulet)
Regen    0.2/turn               r - ring of magical power
MPRegen  0.2/turn               (no ring)

@: no status effects
A: unfitting armour, cold-blooded, AC +5
a: Renounce Religion


You were on level 3 of the Dungeon.
You worshipped Okawaru.
Okawaru was noncommittal.
You were not hungry.

You visited 1 branch of the dungeon, and saw 3 of its levels.

You collected 186 gold pieces.

Inventory:

Hand Weapons
 a - a +0 long sword (weapon)
Armour
 b - a +0 shield (worn)
 i - a +0 pair of gloves (worn)
 k - a +0 scale mail
Jewellery
 r - a ring of magical power (left hand)
Scrolls
 f - a scroll of fear {unknown}
 h - a scroll of remove curse {unknown}
 l - 3 scrolls of teleportation {unknown}
 n - a scroll of identify {unknown}
 o - a scroll of recharging {unknown}
 p - 2 scrolls of immolation {unknown}
Potions
 c - 3 potions of might
 e - a potion of heal wounds {unknown}
 j - a potion of agility {unknown}
 m - 2 potions of haste {unknown}
 q - a potion of mutation {unknown}
Comestibles
 d - a bread ration
 g - a meat ration
 s - a chunk of flesh


   Skills:
 + Level 3.7 Fighting
 + Level 3.9 Long Blades
 + Level 3.5 Dodging
 + Level 0.2 Stealth
 + Level 3.9 Shields


You had 4 spell levels left.
You didn't know any spells.

Dungeon Overview and Level Annotations

Branches:
Dungeon (3/15)

Altars:
Cheibriados
Makhleb
Okawaru
Uskayaw
Xom
Zin
The Shining One


Innate Abilities, Weirdness & Mutations

Your plain brown scales are hard. (AC +5)
You cannot fit into any form of body armour.
You are cold-blooded and may be slowed by cold attacks.


Message History

The orc priest looks braver for a moment.
A bat comes into view.
You closely miss the gnoll.
The bat moves out of view.
The orc priest looks braver for a moment.
The gnoll hits you with a whip.
You hit the gnoll.
The gnoll is moderately wounded.
The gnoll hits you with a whip!
The orc priest mumbles some strange prayers to Beogh against you.
Beogh smites you!
* * * LOW HITPOINT WARNING * * *
You closely miss the gnoll.
The gnoll is moderately wounded.
You block the gnoll's attack.
The orc priest mumbles some strange prayers to Beogh against you.
Beogh smites you!
* * * LOW HITPOINT WARNING * * *
The orc priest mumbles some strange prayers to Beogh against you.
Beogh smites you!
You die...

##.#######...#### #.
#.......).... #
..####..(<### #.......
#...#### #...#### ##
#.......
#.Ko############.######
#.woog@..........#
...o############### .


You could see a worm, 2 orc priests, a gnoll, 2 orcs and a kobold.

Vanquished Creatures
  An orc wizard (D:3)
  5 adders
  5 gnolls
  2 dart slugs
  A leopard gecko (D:1)
  5 orcs (D:3)
  6 bats
  2 giant cockroaches (D:2)
  7 goblins
  3 hobgoblins
  4 jackals (D:1)
  A ball python (D:3)
  4 frilled lizards
  4 kobolds
  5 rats
55 creatures vanquished.

Notes
Turn   | Place    | Note
-------+----------+-------------------------------------------
     0 | D:1      | Peloso the Draconian Fighter began the quest for the Orb.
     0 | D:1      | Reached XP level 1. HP: 19/19 MP: 1/1
   141 | D:1      | Reached XP level 2. HP: 24/26 MP: 2/2
   794 | D:1      | You fall through a shaft!
   899 | D:2      | Found an iron altar of Okawaru.
   899 | D:2      | Found a hide-covered altar of Uskayaw.
   899 | D:2      | Found a snail-covered altar of Cheibriados.
   900 | D:2      | Found a shimmering altar of Xom.
   901 | D:2      | Reached XP level 3. HP: 31/31 MP: 3/3
   906 | D:2      | Became a worshipper of Warmaster Okawaru
  1120 | D:2      | Reached XP level 4. HP: 38/38 MP: 4/4
  1287 | D:2      | Found a burning altar of Makhleb.
  1291 | D:2      | Found a glowing silver altar of Zin.
  1292 | D:2      | Noticed a blizzard demon
  1292 | D:2      | Noticed an angel
  1824 | D:3      | Found a glowing golden altar of the Shining One.
  2085 | D:3      | Found a faded altar of an unknown god.
  2095 | D:3      | Reached XP level 5. HP: 16/45 MP: 5/5
  2338 | D:3      | HP: 1/46 [orc priest/divine providence (9)]
  2338 | D:3      | Killed from afar by an orc priest

Skill      XL: |  1  2  3 |
---------------+----------+-----
Dodging        | 3 |  3.5
Long Blades    | 3 |  3.9
Fighting       | |  3.7
Stealth        | |  0.2
Shields        | |  3.9

Action                   |  1- 3 |  4- 6 || total
-------------------------+-------+-------++-------
Melee: Long sword        |    88 |    85 ||   173
       Tailslap          |     9 |     7 ||    16
 Stab: Sleeping          |     1 |       ||     1
  Eat: Chunk             |     1 |     4 ||     5
Armor: Skin              |    36 |    27 ||    63
Dodge: Dodged            |    57 |    36 ||    93
Block: Shield            |    64 |    53 ||   117
       Rpst.: Long sword |    14 |     7 ||    21
